 Dungeon Crawl Stone Soup version 0.25.0-3-gd7cc5688da (webtiles) character file.

Game seed: 6591751072940763298

613 lepoulpe303 the Chopper (level 7, -2/63 HPs)
             Began as a Deep Dwarf Fighter on June 15, 2020.
             Slain by an orc warrior
             ... wielding a +0 battleaxe
              (22 damage)
             ... on level 4 of the Dungeon.
             The game lasted 00:08:23 (3289 turns).

lepoulpe303 the Chopper (Deep Dwarf Fighter)        Turns: 3289, Time: 00:08:24

Health: -2/63      AC:  9    Str: 20    XL:     7   Next: 20%
Magic:  6/6        EV:  7    Int:  9    God:
Gold:   191        SH: 10    Dex: 13    Spells: 6/6 levels left

rFire    . . .     SeeInvis .   a - +0 war axe
rCold    . . .     Gourm    .   c - +0 kite shield
rNeg     . . .     Faith    .   r - +0 chain mail
rPois    .         Spirit   .   (no helmet)
rElec    .         Reflect  .   (no cloak)
rCorr    .         Harm     .   (no gloves)
MR       +....                  (no boots)
Stlth    ..........             (no amulet)
HPRegen  0.00/turn              (no ring)
MPRegen  0.10/turn              (no ring)

@: non-regenerating
A: damage resistance, heal wounds, sense surroundings 1, no regeneration
a: Heal Wounds


You were on level 4 of the Dungeon.
You were not hungry.

You visited 1 branch of the dungeon, and saw 4 of its levels.

You collected 191 gold pieces.

Inventory:

Hand Weapons
 a - a +0 war axe (weapon)
 o - a +1 whip of pain
 v - a +0 whip of flaming
Missiles
 n - 210 stones
 u - 2 boomerangs (quivered)
Armour
 b - a +0 scale mail
 c - a +0 kite shield (worn)
 r - a +0 chain mail (worn)
Jewellery
 j - an uncursed ring of flight {unknown}
 m - an uncursed ring of protection from magic
 Q - an uncursed ring of positive energy {unknown}
Wands
 s - a wand of paralysis (9)
Scrolls
 h - a scroll of magic mapping {unknown}
 i - 4 scrolls of identify
 k - a scroll of amnesia {unknown}
 l - a scroll of enchant weapon {unknown}
 p - a scroll of blinking {unknown}
 q - a scroll of fear {unknown}
 t - 3 scrolls of teleportation
Potions
 f - 2 potions of haste {unknown}
 g - a potion of degeneration {unknown}
 w - a potion of heal wounds {unknown}
Comestibles
 d - 4 chunks of flesh
 e - 9 rations


   Skills:
 + Level 3.9 Fighting
 * Level 5.3 Axes
 + Level 4.8 Armour
 + Level 3.2 Dodging
 + Level 4.7 Shields


You had 6 spell levels left.
You didn't know any spells.
Your spell library was empty.

Dungeon Overview and Level Annotations

Branches:
Dungeon (4/15)
 Temple: D:4-7

Altars:


Innate Abilities, Weirdness & Mutations

You are resistant to damage.
You can heal yourself by infusing magical energy.
You passively map a small area around you.
You do not regenerate.


Message History

You slash the orc warrior! The orc warrior barely misses you.
You hit the orc warrior but do no damage.
The orc warrior hits you with a +0 battleaxe.
* * * LOW HITPOINT WARNING * * *
You take 4 damage, and have 15/63 hp.
You closely miss the orc warrior. You block the orc warrior's attack.
You slash the orc warrior!
The orc warrior hits you with a +0 battleaxe!
* * * LOW HITPOINT WARNING * * *
You take 12 damage, and have 3/63 hp.
You fail to use your ability.
You block the orc warrior's attack.
You feel much better.
The orc warrior hits you with a +0 battleaxe!
* * * LOW HITPOINT WARNING * * *
You regained 17 hp, and now have 20/63 hp.
You hit the orc warrior but do no damage.
Your shield and chain mail prevent you from hitting the orc warrior.
The orc warrior hits you with a +0 battleaxe!!
You die...

* , +##...#.# #.
,#...# ###...# #.
#...#, #.##..# #. ,+
* #...# #.รท'..# ##
.** #...# ,#.##.##
..# * #h..# ###..#
#...####...####...##
*#....##'##....###
## *
#..@o....##########.
#.######.###........
#...................
########......>.....
##........###
#......#### #...####
#.###### #......#


You could see an orc warrior.

Levels and vault maps discovered:
D:1:      zaba_arrival_water, layout_loops_corners
D:2:      layout_loops_corners, first_ration
D:3:      layout_loops_corners
D:4:      layout_cave_pods, chequers_serial_rivers_micro_e,
          minmay_divided_ellipse

Notes
Turn   | Place    | Note
-------+----------+-------------------------------------------
     0 | D:1      | lepoulpe303 the Deep Dwarf Fighter began the quest for the
                  | Orb.
     0 | D:1      | Reached XP level 1. HP: 20/20 MP: 1/1
   102 | D:1      | Identified a +0 club
   112 | D:1      | Reached XP level 2. HP: 24/27 MP: 2/2
   465 | D:1      | Identified a +0 dagger
   481 | D:1      | Identified a +0 club
   482 | D:1      | Identified a +0 whip
   802 | D:1      | Identified a cursed -3 club
   925 | D:1      | Identified 2 scrolls of teleportation
  1058 | D:2      | Reached skill level 1 in Dodging
  1058 | D:2      | Reached XP level 3. HP: 21/33 MP: 3/3
  1181 | D:2      | Identified a +0 dagger
  1184 | D:2      | Reached skill level 3 in Axes
  1188 | D:2      | Reached skill level 3 in Fighting
  1261 | D:2      | Identified a +0 club
  1261 | D:2      | Identified an uncursed ring of protection from magic
  1469 | D:2      | Identified a +0 dagger
  1664 | D:2      | Identified a +0 club
  1794 | D:2      | Reached XP level 4. HP: 18/42 MP: 4/4
  1932 | D:3      | Noticed a hippogriff
  2039 | D:3      | Identified 2 scrolls of identify
  2039 | D:3      | Identified an amulet of inaccuracy (You found it on level 2
                  | of the Dungeon)
  2192 | D:3      | Identified a +0 short sword
  2215 | D:3      | Identified a +0 mace
  2215 | D:3      | Identified a +0 whip
  2218 | D:3      | Identified a +0 chain mail
  2219 | D:3      | Identified a +0 dagger
  2219 | D:3      | Identified a +0 ring mail
  2415 | D:3      | Identified a +0 short sword
  2415 | D:3      | Identified a +0 ring mail
  2445 | D:3      | Reached skill level 4 in Armour
  2694 | D:3      | Killed a hippogriff
  2694 | D:3      | Reached skill level 4 in Axes
  2694 | D:3      | Reached skill level 2 in Dodging
  2694 | D:3      | Reached skill level 4 in Shields
  2694 | D:3      | Reached XP level 5. HP: 24/49 MP: 5/5
  2694 | D:3      | Reached XP level 6. HP: 28/56 MP: 6/6
  2877 | D:4      | Identified a +1 whip of pain
  2882 | D:4      | Identified a +0 whip
  3017 | D:4      | Identified a +0 giant club
  3024 | D:4      | Reached skill level 5 in Axes
  3026 | D:4      | Identified a +0 war axe
  3065 | D:4      | Reached skill level 3 in Dodging
  3065 | D:4      | Reached XP level 7. HP: 30/63 MP: 7/7
  3109 | D:4      | HP: 11/63 [iguana (9)]
  3255 | D:4      | Identified a +0 battleaxe
  3255 | D:4      | Identified a +0 plate armour
  3283 | D:4      | HP: 15/63 [orc warrior/+0 battleaxe (4)]
  3285 | D:4      | HP: 3/63 [orc warrior/+0 battleaxe (12)]
  3289 | D:4      | Slain by an orc warrior

Table legend:
 A = Turns spent in this place as a percentage of turns spent in the entire game.
 B = Non-inter-level travel turns spent in this place as a percentage of non-inter-level travel turns spent in the entire game.
 C = Inter-level travel turns spent in this place as a percentage of turns spent in this place.
 D = Turns resting spent in this place as a percentage of non-inter-level travel turns spent in this place.
 E = Turns spent auto-exploring this place as a percentage of non-inter-level travel turns spent in this place.
 F = Non-inter-level travel turns spent in this place divided by the number of levels of this place that you've seen.
                   A       B       C       D       E      F
               +-------+-------+-------+-------+-------+----------------------
         Total | 100.0 | 100.0 |   5.5 |   0.3 |  77.5 | 776.8
       Dungeon | 100.0 | 100.0 |   5.5 |   0.3 |  77.5 | 776.8
               +-------+-------+-------+-------+-------+----------------------

Table legend:
 A = Kills in this place as a percentage of kills in entire the game.
 B = Kills by you in this place as a percentage of kills by you in the entire game.
 C = Kills by friends in this place as a percentage of kills by friends in the entire game.
 D = Other kills in this place as a percentage of other kills in the entire game.
 E = Experience gained in this place as a percentage of experience gained in the entire game.
 F = Experience gained in this place divided by the number of levels of this place that you have seen.
                   A       B       C       D       E      F
               +-------+-------+-------+-------+-------+----------------------
         Total | 100.0 | 100.0 |   N/A |   N/A | 100.0 | 219.0
       Dungeon | 100.0 | 100.0 |   N/A |   N/A | 100.0 | 219.0
               +-------+-------+-------+-------+-------+----------------------

Skill      XL: |  1  2  3  4  5  6 |
---------------+-------------------+-----
Dodging        | 1 2 3 |  3.2
Axes           | 3 4 5 |  5.3
Fighting       | 3 |  3.9
Armour         | 4 |  4.8
Shields        | 4 |  4.7

Action                   |  1- 3 |  4- 6 |  7- 9 || total
-------------------------+-------+-------+-------++-------
Melee: War axe           |   123 |   108 |    53 ||   284
Throw: Stone             |    28 |    16 |       ||    44
       Boomerang         |       |    31 |     3 ||    34
 Abil: Heal Wounds       |       |     2 |     2 ||     4
  Use: Scroll            |     1 |     1 |       ||     2
       Potion            |       |     1 |       ||     1
  Eat: Chunk             |     3 |     4 |     1 ||     8
Armor: Scale mail        |    64 |    12 |       ||    76
       Chain mail        |       |    36 |    15 ||    51
Dodge: Dodged            |    44 |    24 |    15 ||    83
Block: Kite shield       |    57 |    44 |    28 ||   129

Vanquished Creatures
  A hippogriff (D:3)
  An ogre (D:4)
  A water moccasin skeleton (D:4)
  A hound (D:4)
  An orc priest (D:3)
  2 iguanas (D:4)
  A worker ant (D:4)
  A hound skeleton (D:4)
  4 gnolls (D:4)
  4 adders
  2 oozes
  3 worms
  A dart slug (D:1)
  4 leopard geckos
  8 orcs
  A ball python (D:2)
  6 bats
  4 giant cockroaches
  4 goblins
  4 hobgoblins (D:1)
  2 jackals (D:4)
  2 quokkas
  5 frilled lizards
  7 kobolds
  A leopard gecko skeleton (D:4)
  7 rats
78 creatures vanquished.
